 Dungeon Crawl Stone Soup version 0.19-a0-1821-g42c593c (webtiles) character file.

470 wazuzu the Slasher (level 6, -6/52 HPs)
             Began as a Minotaur Gladiator on Oct 6, 2016.
             Mangled by an orc wizard
             ... wielding the +6 quarterstaff of Qecriem {crush, rF+}
              (10 damage)
             ... on level 3 of the Dungeon.
             The game lasted 00:08:11 (3286 turns).

wazuzu the Slasher (Minotaur Gladiator)             Turns: 3286, Time: 00:08:11

Health: -6/52      AC:  9    Str: 20      XL:     6   Next: 82%
Magic:  5/5        EV: 13    Int:  5      God:
Gold:   207        SH:  0    Dex: 11 (12) Spells: 0 memorised, 5 levels left

rFire  . . .     SeeInvis .     a - +0 long sword
rCold  . . .     Gourm    .     p - +3 leather armour
rNeg   + . .     Faith    .     (no shield)
rPois  .         Spirit   .     c - +0 hat
rElec  .         Dismiss  .     (no cloak)
rCorr  .         Reflect  .     (no gloves)
MR     .....     Harm     .     l - +2 pair of boots
Stlth  +.........               r - amulet of magic regeneration
                                (no ring)
                                n - ring of positive energy

@: no status effects
A: retaliatory headbutt, horns 2
a: no special abilities


You were on level 3 of the Dungeon.
You were not hungry.

You visited 1 branch of the dungeon, and saw 4 of its levels.

You collected 207 gold pieces.

Inventory:

Hand Weapons
 a - a +0 long sword (weapon)
Armour
 c - a +0 hat (worn)
 l - a +2 pair of boots (worn)
 p - a +3 leather armour (worn)
Jewellery
 n - a ring of positive energy (left hand)
 r - an amulet of magic regeneration (around neck)
Potions
 b - 2 potions of invisibility {unknown}
 e - a potion of brilliance
 j - a potion of cancellation {unknown}
 k - a potion of agility
 q - a potion of curing {unknown}
Comestibles
 d - a beef jerky
 f - 6 bread rations
 g - 11 chunks of flesh
 h - 4 fruits
 i - 4 meat rations


   Skills:
 + Level 3.7 Fighting
 * Level 7.6 Long Blades
 - Level 2.0 Throwing
 + Level 2.8 Armour
 + Level 4.4 Dodging


You had 5 spell levels left.
You didn't know any spells.

Dungeon Overview and Level Annotations

Branches:
Dungeon (4/15)
 Temple: D:4-7

Altars:
Hepliaklqana
Nemelex Xobeh
Yredelemnul

Annotations:
D:4 Nattefrost's ghost, novice OgBe


Innate Abilities, Weirdness & Mutations

You reflexively headbutt those who attack you in melee.
You have a pair of horns on your head.


Message History

The orc wizard flickers and vanishes!
Deactivating autopickup; reactivate with Ctrl-A.
Nattefrost's ghost whispers, "Soon you will have time, lots of time..."
You hear some strange, mumbled words.
You are confused.
You bump into the rock wall.
There is a stone staircase leading up here.
In your confused state, you trip and fall back down the stairs.
Something hits you!
* * * LOW HITPOINT WARNING * * *
x2 You feel less confused.
Something hits you.
* * * LOW HITPOINT WARNING * * *
x2 Nattefrost's ghost hits you but does no damage.
You climb upwards.
There is a stone staircase leading down here.
You start resting.
Something hits you.
* * * LOW HITPOINT WARNING * * *
x2 You barely miss something.
You headbutt something. Something hits you!
You die...

#### ##### ###... #...#
#..... ####...######.###.
#..>.[........#.#.
#.#....###..###.##
##########.#....##...#.....
#........#@#....##.###.###)
#........'.#.#####.....# #.
#........###.#####†###.###.
#........# #.......).#.....
#.....)..# ####....).###.##
##........######........#.#.
#.........((...'.......÷###.
#...........(###............
#......#....)# #...(......##


There were no monsters in sight!

Vanquished Creatures
  A phantom (D:4)
  An ogre (D:4)
  A quasit (D:3)
  An orc wizard (D:3)
  A worker ant (D:4)
  Robin (D:2)
  A gnoll (D:1)
  7 adders
  3 worms
  2 dart slugs
  2 leopard geckos (D:2)
  10 orcs
  6 giant cockroaches
  23 goblins
  11 hobgoblins
  8 jackals
  2 quokkas
  6 bats
  A frilled lizard (D:2)
  10 kobolds
  11 rats
109 creatures vanquished.

Notes
Turn   | Place    | Note
-------+----------+-------------------------------------------
     0 | D:1      | wazuzu the Minotaur Gladiator began the quest for the Orb.
     0 | D:1      | Reached XP level 1. HP: 18/18 MP: 0/0
   172 | D:1      | Reached skill level 4 in Long Blades
   367 | D:1      | Reached XP level 2. HP: 25/25 MP: 1/1
   371 | D:1      | Reached skill level 5 in Long Blades
   485 | D:1      | Reached XP level 3. HP: 24/30 MP: 2/2
  1156 | D:2      | Found a basalt altar of Yredelemnul.
  1263 | D:2      | Reached skill level 6 in Long Blades
  1263 | D:2      | Reached XP level 4. HP: 37/37 MP: 3/3
  1283 | D:2      | Found a sparkling altar of Nemelex Xobeh.
  1574 | D:2      | Noticed Robin
  1594 | D:2      | Killed Robin
  2091 | D:3      | Reached XP level 5. HP: 41/44 MP: 4/4
  2192 | D:3      | Reached skill level 1 in Armour
  2249 | D:3      | Found a hazy altar of Hepliaklqana.
  2536 | D:3      | Reached skill level 7 in Long Blades
  2938 | D:3      | Reached XP level 6. HP: 51/51 MP: 5/5
  3244 | D:4      | Noticed Nattefrost's ghost (novice OgBe)
  3286 | D:3      | Identified the +6 quarterstaff of Qecriem {crush, rF+}
  3286 | D:3      | Mangled by an orc wizard

Vault maps used:
D:1:      ncdulo_lavacross, minmay_split_cup_large
D:2:      kennysheep_goblin_castle, nicolae_overflow_crystal_walls,
          nemelex_xobeh_ov_fountains_minmay, minmay_crystal_room
D:3:      lemuel_round_altar, first_bread, minmay_quantized, uniq_robin
D:4:      cheibrodos_quashed, amethyst_overflow_temple_binary,
          kennysheep_slug_shrine

Skill      XL: |  1  2  3  4  5 |
---------------+----------------+-----
Long Blades    | 4 5 6 7 |  7.6
Armour         | 2 |  2.8
Fighting       | 3 |  3.7
Dodging        | 4 |  4.4
Throwing       | |  2.0

Action                   |  1- 3 |  4- 6 || total
-------------------------+-------+-------++-------
Melee: Long sword        |    48 |   174 ||   222
       Headbutt          |    11 |    19 ||    30
  Use: Scroll            |       |     8 ||     8
       Potion            |       |     1 ||     1
  Eat: Chunk             |     1 |     7 ||     8
Armor: Leather armour    |    15 |    64 ||    79
       Skin              |       |    19 ||    19
Dodge: Dodged            |    49 |   132 ||   181
       Rpst.: Long sword |    16 |    37 ||    53
